 Dungeon Crawl Stone Soup version 0.27.1-33-g824d729ab1 (webtiles) character file.

Game seed: 3573443184254215264

256 pkoi the Ruffian (level 5, 0/40 HPs)
             Began as a Draconian Artificer on Dec 20, 2021.
             Was an Initiate of Hepliaklqana.
             Slain by an ogre (15 damage)
             ... on level 4 of the Dungeon.
             The game lasted 00:05:05 (4709 turns).

pkoi the Ruffian (Draconian Artificer)              Turns: 4709, Time: 00:05:06

Health: 0/40       AC:  5    Str: 15    XL:     5   Next: 92%
Magic:  5/5        EV: 12    Int: 12    God:    Hepliaklqana [......]
Gold:   187        SH:  0    Dex: 11    Spells: 4/4 levels left

rFire    . . .     SeeInvis .   a - +2 dagger (speed)
rCold    + . .     Faith    .   (no shield)
rNeg     . . .     Spirit   .   (armour unavailable)
rPois    .         Reflect  .   (helmet restricted)
rElec    .         Harm     .   (no cloak)
rCorr    .         Rampage  .   (no gloves)
Will     .....                  (no boots)
Stlth    +.........             h - amulet of regeneration
HPRegen  1.13/turn              s - ring of protection from cold
MPRegen  0.09/turn              (no ring)

@: no status effects
A: AC +5, unfitting armour, cold-blooded
a: Renounce Religion


You were on level 4 of the Dungeon.
You worshipped Hepliaklqana.
Hepliaklqana was noncommittal.
You visited 1 branch of the dungeon, and saw 4 of its levels.

You collected 187 gold pieces.

Inventory:

Hand Weapons
 a - a +2 dagger of speed (weapon)
 b - a +1 hunting sling of flaming
 e - a +0 dagger
 f - a +3 dagger
 t - a +1 dagger of draining
Missiles
 n - 49 stones
 o - 3 poisoned darts
Jewellery
 h - an amulet of regeneration (around neck)
 s - a ring of protection from cold (left hand)
Wands
 c - a wand of charming (15)
 m - a wand of flame (2) (quivered)
Scrolls
 g - 2 scrolls of identify
 j - a scroll of summoning {unknown}
 k - a scroll of enchant armour {unknown}
 u - a scroll of fear
Potions
 i - a potion of lignification {unknown}
 v - a potion of might
Miscellaneous
 d - a piece from Xom's chessboard (15/15)


   Skills:
 - Level 1.1 Fighting
 - Level 2.1 Dodging
 - Level 0.8 Stealth
 + Level 5.8 Unarmed Combat
 - Level 3.0 Evocations


You had 4 spell levels left.
You didn't know any spells.
Your spell library contained the following spells:

 Spells                   Type           Power      Damage    Failure   Level
 Borgnjor's Revivificati  Necr           0%         N/A       100%        8
 Necromutation            Tmut/Necr      0%         N/A       100%        8
 Death's Door             Necr           0%         N/A       100%        9


Dungeon Overview and Level Annotations

Branches:
Dungeon (4/15)
 Temple: D:4-7

Altars:
Hepliaklqana
Kikubaaqudgha
Yredelemnul

Annotations:
D:3 Terence
D:4 3 transporters, Menkaure


Innate Abilities, Weirdness & Mutations

Your plain brown scales are hard. (AC +5)
You cannot fit into any form of body armour.
You are cold-blooded and may be slowed by cold attacks.


Message History

Press: ? - help, Q - select action, (/) - cycle Shift-Dir - straight line, f/p - ogre
Aim: an ogre, wielding a +0 giant club (moderately wounded, 72% to hit)
You shoot a stone. The stone hits the ogre.
The stone burns the ogre.
The ogre is heavily wounded.
Unknown command.
Your +1 hunting sling of flaming stops flaming.
Your hands tingle!
a - a +2 dagger of speed (weapon)
The ogre hits you with a +0 giant club!
You hit the ogre.
The ogre is heavily wounded.
You hit the ogre.
You tail-slap the ogre, but do no damage.
The ogre is severely wounded.
The ogre misses you.
You hit the ogre.
The ogre is severely wounded.
You hit the ogre.
You tail-slap the ogre, but do no damage.
Your punch misses the ogre.
The ogre is severely wounded.
The ogre hits you with a +0 giant club.
You hit the ogre but do no damage.
The ogre is severely wounded.
The ogre hits you with a +0 giant club!
* * * LOW HITPOINT WARNING * * *
You hit the ogre but do no damage.
The ogre is severely wounded.
You closely miss the ogre.
The ogre is severely wounded.
You hit the ogre. You tail-slap the ogre.
The ogre is almost dead.
The ogre hits you with a +0 giant club.
* * * LOW HITPOINT WARNING * * *
You closely miss the ogre.
The ogre is almost dead.
You barely miss the ogre.
Your tail-slap misses the ogre.
The ogre is almost dead.
The ogre hits you with a +0 giant club!
You die...

###### ###..O... #........
####### #.# #.. ..# #.# #.#
#.## ##(# #.# #..# #.(#
#.###..# #.O#
.......########.@#
.............##..#
############.##..######
.........ZZ#...........
..?.......Z#..........#
..###.###.M#.#...........#
..#8#.#8#._#.......#...#.#
....=.....?#.....#.......#
.....©....⌠#©....#.......##


You could see an ogre.

Vanquished Creatures
  A centaur (D:3)
  A hound (D:3)
  An iguana (D:4)
  6 adders
  A worm (D:3)
  2 orcs (D:3)
  4 ball pythons
  6 bats
  8 endoplasms
  A giant cockroach (D:3)
  9 goblins
  5 hobgoblins
  A quokka (D:1)
  2 frilled lizards
  5 kobolds
  4 rats
57 creatures vanquished.

Vanquished Creatures (others)
  A plant (D:4)
1 creature vanquished.

Grand Total: 58 creatures vanquished

Notes
Turn   | Place    | Note
-------+----------+-------------------------------------------
     0 | D:1      | pkoi the Draconian Artificer began the quest for the Orb.
     0 | D:1      | Reached XP level 1. HP: 16/16 MP: 1/1
    65 | D:1      | Reached skill level 1 in Unarmed Combat
   451 | D:1      | Reached XP level 2. HP: 11/23 MP: 2/2
   742 | D:1      | Reached skill level 2 in Unarmed Combat
  1079 | D:2      | Reached XP level 3. HP: 18/28 MP: 3/3
  1096 | D:2      | Reached skill level 3 in Unarmed Combat
  1600 | D:2      | Found a hazy altar of Hepliaklqana.
  1624 | D:2      | Became a worshipper of Hepliaklqana the Forgotten
  2491 | D:2      | Found a faded altar of an unknown god.
  2623 | D:2      | Reached XP level 4. HP: 20/35 MP: 4/4
  3278 | D:3      | Reached skill level 4 in Unarmed Combat
  3297 | D:3      | Noticed a centaur
  3322 | D:3      | Killed a centaur
  3323 | D:3      | Reached skill level 5 in Unarmed Combat
  3323 | D:3      | Reached XP level 5. HP: 6/40 MP: 5/5
  4118 | D:3      | Noticed Terence
  4208 | D:4      | Found a basalt altar of Yredelemnul.
  4209 | D:4      | Noticed Menkaure
  4212 | D:4      | Found an ancient bone altar of Kikubaaqudgha.
  4335 | D:4      | Found a transporter.
  4618 | D:4      | Found a transporter.
  4620 | D:4      | Found a transporter.
  4689 | D:4      | Noticed an ogre
  4709 | D:4      | Slain by an ogre

Illustrated notes

Levels and vault maps discovered:
D:1:      doesnt_arrival_eight_statues, layout_rooms, serial_glass,
          glass_columns_a, glass_columns_a, hex_intersection
D:2:      layout_basic, basic_altar, shapermc_ecumenical_altar_starsandcircs
D:3:      layout_basic, minmay_ruptured, uniq_terence
D:4:      gammafunk_wand_slinger, layout_loops_ring,
          gammafunk_temple_of_torment, lemuel_doored_altar,
          sigmund_edmund_badplayer

Skill      XL: |  1  2  3  4 |
---------------+-------------+-----
Unarmed Combat | 1 2 3 5 |  5.8
Fighting       | |  1.1
Dodging        | |  2.1
Stealth        | |  0.8
Evocations     | |  3.0

Action                   |  1- 3 |  4- 6 || total
-------------------------+-------+-------++-------
Melee: Dagger            |    96 |    96 ||   192
       Club              |     6 |       ||     6
       Tailslap          |    15 |    16 ||    31
       Punch             |     1 |     1 ||     2
       Unarmed           |       |     8 ||     8
 Fire: Hunting sling     |    18 |    36 ||    54
Evoke: Wand              |    10 |     3 ||    13
       Piece from Xom's  |       |     1 ||     1
  Use: Scroll            |     2 |     5 ||     7
       Potion            |       |     5 ||     5
Armor: Skin              |    40 |    37 ||    77
Dodge: Dodged            |    72 |    55 ||   127
